 Dungeon Crawl Stone Soup version 0.20.1-1-g8b1a95d (webtiles) character file.

2062 vineage the Covered (level 9, -1/66 HPs)
             Began as a Demonspawn Gladiator on Aug 3, 2017.
             Was a Follower of Trog.
             Shot with an arrow by a centaur (14 damage)
             ... on level 6 of the Dungeon.
             The game lasted 00:12:22 (5074 turns).

vineage the Covered (Demonspawn Gladiator)          Turns: 5074, Time: 00:12:22

Health: -1/66      AC:  9    Str: 23    XL:     9   Next: 5%
Magic:  9/9        EV: 12    Int: 10    God:    Trog [*.....]
Gold:   343        SH:  4    Dex: 14    Spells: 8/8 levels left

rFire    x . .     SeeInvis .   l - +2 whip (distort)
rCold    + . .     Gourm    .   e - +0 buckler
rNeg     . . .     Faith    .   u - +0 scale mail
rPois    .         Spirit   .   (helmet restricted)
rElec    .         Reflect  .   (no cloak)
rCorr    .         Harm     .   (no gloves)
MR       .....                  (no boots)
Stlth    ++........             (no amulet)
Regen    0.3/turn               k - ring of ice
MPRegen  0.2/turn               t - ring of wizardry

@: mighty, flying (expiring)
A: antennae 2, yellow scales 1, demonic guardian 2, nightstalker 1
a: Berserk, Burn Spellbooks, Renounce Religion


You were on level 6 of the Dungeon.
You worshipped Trog.
Trog was aware of your devotion.
You were not hungry.

You visited 1 branch of the dungeon, and saw 6 of its levels.

You collected 343 gold pieces.

Inventory:

Hand Weapons
 a - a +0 quarterstaff
 i - a +2 glaive of venom
 l - a +2 whip of distortion (weapon)
Missiles
 d - 4 throwing nets (quivered)
Armour
 b - a +0 leather armour
 c - a +0 helmet
 e - a +0 buckler (worn)
 u - a +0 scale mail (worn)
Jewellery
 k - a ring of ice (left hand)
 t - a ring of wizardry (right hand)
Wands
 w - a wand of acid (8/15)
 y - a wand of paralysis (10/24)
Scrolls
 j - 3 scrolls of enchant armour {unknown}
 p - a scroll of recharging {unknown}
 r - a scroll of remove curse
 C - a scroll of teleportation {unknown}
 D - a scroll of summoning {unknown}
Potions
 h - a potion of haste
 o - 2 potions of brilliance
 s - a potion of berserk rage
Books
 x - a book of Air

   Spells                             Type                      Level
   a - Shock                          Conjuration/Air              1
   b - Swiftness                      Charms/Air                   2
   c - Static Discharge               Conjuration/Air              3
   d - Airstrike                      Air                          4
   e - Lightning Bolt                 Conjuration/Air              5
   Trog disapproves of the use of such an item.
Comestibles
 f - 5 bread rations
 g - 7 meat rations
 n - 2 royal jellies
 q - 7 fruits


   Skills:
 + Level 4.4 Fighting
 + Level 5.5(6.0) Maces & Flails
 + Level 3.5(5.0) Staves
 + Level 2.2 Throwing
 + Level 5.6 Armour
 + Level 4.6 Dodging
 + Level 3.4 Stealth
 + Level 1.5 Shields


You had 8 spell levels left.
You didn't know any spells.

Dungeon Overview and Level Annotations

Branches:
Dungeon (6/15)
 Temple: D:4-7

Altars:
Makhleb
Trog

Shops:
D:5 }


Innate Abilities, Weirdness & Mutations

You have a pair of antennae on your head.
You are partially covered in yellow scales. (AC +2)
A demonic guardian rushes to your aid.
You are slightly more attuned to the shadows.


Message History

You start resting.
You are starting to lose your buoyancy.
A jelly comes into view.
A jelly is nearby!
The freed slave closely misses something.
A centaur comes into view.
The centaur wields a shortbow.
The centaur shoots an arrow.
The arrow hits your smoke demon!
The centaur shoots an arrow.
The arrow hits you but does no damage.
Your smoke demon hits the jelly.
The acid corrodes your smoke demon!
Your smoke demon is burned by acid!
Your smoke demon hits the jelly.
Your smoke demon is burned by acid!
Your smoke demon hits the jelly.
The acid corrodes your smoke demon!
Your smoke demon is burned by acid!
You see here an arrow.
You swap places.
The centaur shoots an arrow.
The arrow hits you.
* * * LOW HITPOINT WARNING * * *
The jelly closely misses you.
The centaur shoots an arrow.
The arrow hits you!
You die...

#.#.# #........p...........>.
.#.## #.#'#####.....#.....###
#.#.# #......p.c####......#
.#.####+###..........#
#.รท##.....
#.#.#.#{#.#........#.###..#######
.#.#.#.#.#'......).#..##......#
#Z#.#.#.#.#..).....##.##..###.#
.#K#.#.#.#'....J...##..#.)# #.#
#.#3#.#.#.#.....@3.###)#..# #.#
p#.#.#.#.#.######### #.)..###.#
#.#.#.#p#.## ##.......#
.#.#.#)#.#.# #.#.#####
#.#.#.#.#.## #.#.# .#.#.#.#.#.#
#.#.# #.#.#.#.#.## #.#.# .#.#.#.
#.. #...# #.#. ### ##..#


You could see a centaur, a jelly, a neutral freed slave (wandering) and a
friendly smoke demon.

Vanquished Creatures
  The ghost of Paps the Covert, a novice DsAs of Okawaru (D:6)
  An orc warrior (D:6)
  An eye of draining (D:3)
  An ice beast (D:5)
  An ogre (D:4)
  2 scorpions
  A hound (D:6)
  An orc priest (D:4)
  2 iguanas
  2 orc wizards
  3 worker ants
  A howler monkey skeleton (D:4)
  5 gnolls
  6 adders
  2 oozes
  3 adder skeletons
  A worm (D:2)
  3 dart slugs
  2 leopard geckos (D:1)
  4 orcs
  A ball python (D:1)
  4 giant cockroaches
  5 goblins
  6 hobgoblins
  7 jackals (D:3)
  4 quokkas
  A ball python zombie (D:6)
  7 bats
  3 frilled lizards
  3 kobolds
  A quokka skeleton (D:6)
  7 rats
92 creatures vanquished.

Vanquished Creatures (collateral kills)
  Pikel (D:6)
  2 phantoms (D:5)
  A black bear (D:6)
  A slave (D:6)
  2 ogres (D:4)
  An orc wizard (D:6)
  A killer bee zombie (D:5)
  An adder (D:4)
  2 orcs
  A frilled lizard (D:5)
13 creatures vanquished.

Vanquished Creatures (others)
  An ice beast (D:6)
  An orc wizard (D:4)
  A worker ant (D:6)
  A gnoll (D:2)
  A worm (D:3)
  A hobgoblin (D:3)
  A quokka zombie (D:5)
7 creatures vanquished.

Grand Total: 112 creatures vanquished

Notes
Turn   | Place    | Note
-------+----------+-------------------------------------------
     0 | D:1      | vineage the Demonspawn Gladiator began the quest for the Orb.
     0 | D:1      | Reached XP level 1. HP: 16/16 MP: 1/1
   148 | D:1      | Gained mutation: You are partially covered in yellow scales. (AC +2) [demonic ancestry]
   148 | D:1      | Reached XP level 2. HP: 10/22 MP: 2/2
   512 | D:1      | Gained mutation: You are slightly more attuned to the shadows. [demonic ancestry]
   512 | D:1      | Reached XP level 3. HP: 17/28 MP: 3/3
   866 | D:2      | Reached XP level 4. HP: 14/34 MP: 4/4
  1405 | D:2      | Reached skill level 1 in Armour
  1743 | D:3      | Reached skill level 1 in Maces & Flails
  1747 | D:3      | Reached skill level 1 in Stealth
  2135 | D:3      | Found a bloodstained altar of Trog.
  2136 | D:3      | Noticed an eye of draining
  2154 | D:3      | Gained mutation: A weak demonic guardian rushes to your aid. [demonic ancestry]
  2154 | D:3      | Reached XP level 5. HP: 36/39 MP: 5/5
  2171 | D:3      | Killed an eye of draining
  2174 | D:3      | Became a worshipper of Trog the Wrathful
  2440 | D:4      | Noticed an ogre
  2725 | D:4      | Gained mutation: You have a pair of small antennae on your head. [demonic ancestry]
  2725 | D:4      | Reached XP level 6. HP: 28/47 MP: 6/6
  3366 | D:4      | Found a burning altar of Makhleb.
  3368 | D:4      | Gained mutation: A demonic guardian rushes to your aid. [demonic ancestry]
  3368 | D:4      | Reached XP level 7. HP: 52/52 MP: 7/7
  3541 | D:5      | Entered Level 5 of the Dungeon
  3782 | D:5      | Reached * piety under Trog
  3785 | D:5      | Found Joawkuos's Gadget Shoppe.
  4405 | D:6      | Reached XP level 8. HP: 38/60 MP: 8/8
  4417 | D:6      | HP: 3/90 [orc warrior/glaive (10)]
  4968 | D:6      | Noticed Paps's ghost (novice DsAs)
  4980 | D:6      | Noticed Pikel
  5027 | D:6      | Killed Paps's ghost
  5027 | D:6      | Reached skill level 5 in Maces & Flails
  5027 | D:6      | Reached skill level 5 in Armour
  5027 | D:6      | Reached skill level 1 in Shields
  5047 | D:6      | Killed Pikel
  5047 | D:6      | Gained mutation: You have a pair of antennae on your head. [demonic ancestry]
  5047 | D:6      | Reached XP level 9. HP: 10/66 MP: 9/9
  5074 | D:6      | Shot with an arrow by a centaur

Skill      XL: |  1  2  3  4  5  6  7  8 |
---------------+-------------------------+-----
Dodging        | 3 4 |  4.6
Staves         | 3 |  3.5
Throwing       | 2 |  2.2
Armour         | 1 2 3 5 |  5.6
Maces & Flails | 1 2 3 5 |  5.5
Stealth        | 1 2 3 |  3.4
Fighting       | 3 4 |  4.4
Shields        | 1 |  1.5

Action                   |  1- 3 |  4- 6 |  7- 9 || total
-------------------------+-------+-------+-------++-------
Melee: Quarterstaff      |    44 |       |       ||    44
       Whip              |    15 |   143 |   147 ||   305
Throw: Throwing net      |       |     1 |       ||     1
Invok: Berserk           |       |       |     2 ||     2
  Use: Scroll            |     5 |     8 |     1 ||    14
       Potion            |       |     3 |     6 ||     9
 Stab: Sleeping          |     1 |    10 |       ||    11
       Distracted        |       |       |     2 ||     2
  Eat: Bread ration      |       |     1 |       ||     1
       Fruit             |       |     1 |       ||     1
       Meat ration       |       |     1 |     1 ||     2
Armor: Leather armour    |    17 |    35 |       ||    52
       Scale mail        |       |     9 |    66 ||    75
       Skin              |       |     4 |       ||     4
Dodge: Dodged            |    37 |    55 |    69 ||   161
Block: Buckler           |       |     9 |    18 ||    27
